 Dungeon Crawl Stone Soup version 0.29.1-15-g9cfb28693d (webtiles) character file.

Game seed: 13345880473444676286

23580 croobank the Grand Scion (level 12, -13/120 HPs)
             Began as a Demonspawn Fire Elementalist on Apr 18, 2023.
             Was a High Priest of Hepliaklqana.
             Mangled by a boulder beetle (42 damage)
             ... on level 12 of the Dungeon on Apr 19, 2023.
             The game lasted 00:50:47 (17919 turns).

croobank the Grand Scion (DsFE)                    Turns: 17919, Time: 00:50:48

Health: -13/120    AC: 26    Str:  9    XL:     12   Next: 73%
Magic:  5/21       EV:  2    Int: 29    God:    Hepliaklqana [*****.]
Gold:   833        SH:  5    Dex: 14    Spells: 6/24 levels left

rFire   . . .      SeeInvis .   b - +9 hand crossbow of Gehenna {elec, rElec Stlth+}
rCold   . . .      Faith    .   y - +0 buckler of the Devouring Gods {Slay+2}
rNeg    . . .      Spirit   .   (body armour currently unavailable)
rPois   +          Reflect  .   (helmet currently unavailable)
rElec   +          Harm     .   (cloak currently unavailable)
rCorr   .          Rampage  .   (gloves currently unavailable)
Will    .....      NoTele   +   (boots currently unavailable)
Stlth   ++++......              z - amulet of magic regeneration
HPRegen 1.30/turn               m - +6 ring of intelligence
MPRegen 0.57/turn               T - ring of wizardry

@: brilliant, tree-form
A: stationary, stasis, torment immunity, boosted hp, reduced essence, ignite
blood 1, powered by death 1, big brain 1, (demonic touch 1)
a: Renounce Religion, Recall Ancestor, Ancestor Identity, Transference, Idealise


You were on level 12 of the Dungeon.
You worshipped Hepliaklqana.
Hepliaklqana was extremely pleased with you.
You were a tree.
You visited 2 branches of the dungeon, and saw 13 of its levels.
You also visited: Bailey.

You collected 833 gold pieces.

Inventory:

Hand Weapons
 b - the +9 hand crossbow of Gehenna (weapon) {elec, rElec Stlth+}
   (You acquired it in a bailey)

   Any ammunition fired from it occasionally discharges a powerful burst of
   electricity upon striking a foe.
   rElec:     It insulates you from electricity.
   Stlth:     It makes you more stealthy.
 n - a +4 short sword
 o - a +2 morningstar
 r - a +1 war axe of electrocution
 v - a +3 falchion of draining
 A - a +2 dagger of speed
 B - a +1 shortbow of flaming
 H - a +0 broad axe
 J - a +1 hand axe of electrocution
 L - a +3 hand axe
 Q - a +4 spear
Missiles
 k - 63 poisoned darts
 C - 3 throwing nets
Armour
 d - a +1 ring mail
 h - a +2 cloak of preservation (melded)
 x - the +3 leather armour of Cocytus (melded) {rElec Str-3 Int+2}
   (You found it on level 3 of the Dungeon)

   Str:       It affects your strength (-3).
   Int:       It affects your intelligence (+2).
   rElec:     It insulates you from electricity.
 y - the +0 buckler of the Devouring Gods (worn) {Slay+2}
   (You acquired it on level 7 of the Dungeon)

   Slay:      It affects your accuracy & damage with ranged weapons and melee
   (+2).
 F - a +0 pair of boots (melded)
 N - the +14 pearl dragon scales of Zoitoed {rC++ rN+ Will+ Dex-3 SInv}
   (You found it in a bailey)

   Dex:       It affects your dexterity (-3).
   rC:        It greatly protects you from cold.
   rN:        It protects you from negative energy.
   SInv:      It lets you see invisible.
   Will:      It increases your willpower.
 S - a +0 helmet (melded)
Magical Staves
 a - a staff of fire
Jewellery
 m - a +6 ring of intelligence (left branch)
 z - an amulet of magic regeneration (around neck)
 T - a ring of wizardry (right branch)
 Y - a ring of fire
Wands
 l - a wand of polymorph (11)
 w - a wand of iceblast (15)
 D - a wand of charming (16)
 X - a wand of flame (14)
Scrolls
 c - 3 scrolls of enchant weapon
 e - 3 scrolls of magic mapping
 f - 7 scrolls of teleportation
 g - 3 scrolls of enchant armour
 t - 4 scrolls of poison
 G - 3 scrolls of amnesia
 I - a scroll of fog
 P - a scroll of identify
 R - 2 scrolls of acquirement
 U - a scroll of summoning
 V - a scroll of vulnerability
Potions
 i - a potion of lignification
 j - 3 potions of attraction
 s - 2 potions of mutation
 u - 2 potions of haste
 E - 2 potions of resistance
 K - 2 potions of brilliance
 M - a potion of experience
 O - 2 potions of magic
 W - a potion of ambrosia {unknown}
 Z - a potion of heal wounds {unknown}


   Skills:
 + Level 6.5 Fighting
 - Level 5.0 Armour
 + Level 6.3 Dodging
 + Level 6.9 Stealth
 - Level 5.0 Shields
 + Level 6.5 Spellcasting
 + Level 6.7 Conjurations
 - Level 5.0 Hexes
 * Level 6.3 Translocations
 + Level 6.7 Fire Magic
 * Level 10.8 Invocations


You had 6 spell levels left.
You knew the following spells:

 Your Spells              Type           Power      Damage    Failure   Level
a - Foxfire               Conj/Fire      100%       2x1d9     1%          1
b - Scorch                Fire           100%       2d10      1%          2
c - Inner Flame           Hex/Fire       60%        N/A       1%          3
d - Iskenderun's Mystic   Conj/Tloc      63%        2d13      1%          4
e - Flame Wave            Conj/Fire      64%        2d15      1%          4
f - Fulminant Prism       Conj/Hex       30%        3d16      2%          4

Your spell library contained the following spells:

 Spells                   Type           Power      Damage    Failure   Level
 Ensorcelled Hibernation  Hex/Ice        70%        N/A       1%          2
 Confusing Touch          Hex            55%        N/A       1%          3
 Conjure Flame            Conj/Fire      64%        6-21      1%          3
 Stone Arrow              Conj/Erth      86%        3d12      2%          3
 Cause Fear               Hex            27%        N/A       3%          4
 Ozocubu's Armour         Ice            14%        N/A       9%          3
 Spider Form              Tmut/Pois      14%        N/A       9%          3
 Anguish                  Hex/Necr       17%        N/A       10%         4
 Animate Armour           Summ/Erth      28%        N/A       26%         4
 Yara's Violent Unravell  Hex/Tmut       17%        3d8       26%         5
 Lee's Rapid Deconstruct  Erth           7%         3d7*      56%         5
 Enfeeble                 Hex            27%        N/A       95%         7
 Dragon Form              Tmut           7%         N/A       100%        7
 Ozocubu's Refrigeration  Ice            7%         4d9       100%        7
 Discord                  Hex            27%        N/A       100%        8
 Lehudib's Crystal Spear  Conj/Erth      21%        10d6      100%        8
 Dragon's Call            Summ           7%         N/A       100%        9


Dungeon Overview and Level Annotations

Branches:
Dungeon (12/15)            Temple (1/1) D:5            Lair (0/5) D:8
    Orc (0/2) D:11         Bailey (visited)

Altars:
Ashenzari
Cheibriados
Fedhas
Gozag
Hepliaklqana
Kikubaaqudgha
Makhleb
Nemelex Xobeh
Okawaru
Qazlal
Ru
Sif Muna
Trog
Uskayaw
Vehumet
Wu Jian
Xom
Yredelemnul

Annotations:
D:8 3 runed translucent doors, croobank's ghost, novice DsFE


Innate Abilities, Weirdness & Mutations

You are a tree.
Your roots penetrate the ground, keeping you stationary.
You cannot be teleported.
You are immune to unholy pain and torment.
Your maximum health is greatly increased.
Your equipment is partially melded.
Your life essence is reduced to manifest your ancestor. (-10% HP)
Your demonic aura sometimes causes spilled blood to erupt in flames.
You regenerate a little health from kills.
You have an unusually large brain. (Int +2)
((Your touch may inflict minor irresistible damage on your foes.))


Message History

The mystic blast hits the boulder beetle but does no damage.
The boulder beetle is lightly wounded.
Aiming: Iceblast
Press: ? - help, Shift-Dir - straight line, f - boulder beetle
Aim: a boulder beetle (lightly wounded, wandering, unable to see you, hasn't noticed you)
The mass of ice explodes!
The iceblast engulfs the boulder beetle but does no damage.
The boulder beetle is lightly wounded.
You hear a howl!
You hear two shouts!
Casting: Iskenderun's Mystic Blast (mildly dangerous; 1% risk of failure)
Confirm with . or Enter, or press ? or * to list all spells.
You feel a surge of power!
You erupt in a blast of force!
The mystic blast hits the boulder beetle.
The boulder beetle is lightly wounded.
The boulder beetle is knocked back by the mystic blast.
The boulder beetle slams into the crystal wall!
The mystic blast hits the fire crab!!
You kill the fire crab!
You flicker back into view.
Casting: Iskenderun's Mystic Blast (mildly dangerous; 1% risk of failure)
Confirm with . or Enter, or press ? or * to list all spells.
You feel a surge of power!
You erupt in a blast of force!
The mystic blast hits the boulder beetle but does no damage.
The boulder beetle is lightly wounded.
A kobold demonologist comes into view. It is wielding a +0 dagger.
The boulder beetle curls into a ball and begins rolling!
Aiming: Charm
Press: ? - help, Shift-Dir - straight line, f/p - boulder beetle
Aim: a boulder beetle (lightly wounded, rolling, chance to affect: 31%)
Okay, then.
Okay, then.
Casting: Iskenderun's Mystic Blast (mildly dangerous; 1% risk of failure)
Confirm with . or Enter, or press ? or * to list all spells.
Aiming: Inner Flame (safe; 1% risk of failure)
Press: ? - help, Dir - move target, f - kobold demonologist, p - boulder beetle
Aim: a kobold demonologist, wielding a +0 dagger and wearing a +0 robe (chance to affect: 88%)
You feel a surge of power!
The kobold demonologist is filled with an inner flame.
The boulder beetle hits you!!!
You die...

.#......#.......#######.........#
.'......#......##.....##.......##
.#......####..##....#..##.....##.
.###....#..#.##..##.##..#######..
...#....#....#....#.#.......|...#
...#....#....#....#...##.......##
...')...#....#..(.....##.........
...#))..#....#...†..#..........##
####))..#'##.#..♣#..#...........#
.............##)B##.#...#.....#..
..............##○.#.#..#.#####.#.
...............##.....#.##,,,*#.#
................#..##..##,,,,,*#.
.#####+####+###.#..#,#.*,,,,,,,#.
.#.......#......###K**..,,,*,,,##
,#.......#......#*,#.,,*,,,,,,,#.
,#.......#......#,**,,,**,,,,,*#.


You could see a boulder beetle (rolling) and a kobold demonologist (inner
flame).

Vanquished Creatures
  Josephine (D:12)
  5 boulder beetles
  A catoblepas (D:10)
  2 two-headed ogres
  An orc high priest (Bailey)
  A fire crab (D:12)
  A manticore (D:10)
  A cyclops (D:12)
  A gargoyle (D:11)
  A wolf spider simulacrum (D:12)
  A meliai (D:12)
  Grinder (D:6)
  2 trolls
  A hornet (D:8)
  4 slime creatures (D:12)
  4 wraiths
  8 yaks
  3 wyverns
  Eustachio (D:4)
  3 steam dragons
  A basilisk (D:12)
  Menkaure (D:4)
  2 acid dragons
  5 water moccasins
  5 orc warriors
  2 sky beasts
  A black bear (D:4)
  3 ogres
  A phantom (D:5)
  4 centaurs
  3 kobold brigands
  2 bullfrogs
  A necrophage (D:7)
  A gnoll sergeant (D:7)
  3 scorpions
  3 wights
  12 killer bees
  2 howler monkeys
  3 electric eels (Bailey)
  5 jellies
  3 hounds
  3 orc priests
  An iguana (D:6)
  7 orc wizards
  14 gnolls
  13 adders
  A white imp (D:7)
  2 ufetubi
  4 worms
  2 dart slugs
  33 orcs
  8 ball pythons
  9 endoplasms
  2 giant cockroaches
  10 goblins
  14 hobgoblins
  6 jackals
  4 quokkas
  3 frilled lizards
  24 kobolds
  6 rats
272 creatures vanquished.

Vanquished Creatures (collateral kills)
  A two-headed ogre (D:9)
  Nergalle (D:12)
  An orc sorcerer (Bailey)
  A cyclops (D:12)
  2 manticores (D:12)
  2 unseen horrors
  A komodo dragon (D:8)
  4 slime creatures (D:12)
  A hornet (D:9)
  2 wraiths (D:12)
  2 yaks
  A basilisk (D:11)
  A water moccasin (D:8)
  3 orc warriors
  A black bear (D:8)
  2 kobold brigands
  3 bullfrogs
  2 wights (D:8)
  7 killer bees
  An electric eel (Bailey)
  3 orc priests
  A gnoll bouda (D:10)
  4 orc wizards
  7 gnolls
  2 white imps (D:6)
  8 orcs
  3 hobgoblins (Bailey)
  4 kobolds
  A foxfire (D:8)
72 creatures vanquished.

Vanquished Creatures (others)
  10 battlemagi
  572 foxfires
  A fulminant prism (Bailey)
  32 fungi (D:8)
  43 plants (D:8)
658 creatures vanquished.

Grand Total: 1002 creatures vanquished

Notes
Turn   | Place    | Note
-------+----------+-------------------------------------------
     0 | D:1      | croobank the Demonspawn Fire Elementalist began the quest
                  | for the Orb.
     0 | D:1      | Reached XP level 1. HP: 13/13 MP: 3/3
   189 | D:1      | Gained mutation: Your touch may inflict minor irresistible
                  | damage on your foes. [demonic ancestry]
   189 | D:1      | Reached XP level 2. HP: 20/20 MP: 0/5
   341 | D:1      | Learned a level 2 spell: Scorch
  1012 | D:1      | You fall into a shaft and drop 1 floor!
  1294 | D:2      | Gained mutation: You regenerate a little health from kills.
                  | [demonic ancestry]
  1294 | D:2      | Reached XP level 3. HP: 25/25 MP: 2/6
  1407 | D:2      | Reached skill level 1 in Fighting
  1698 | D:1      | Reached XP level 4. HP: 32/32 MP: 2/7
  1750 | D:1      | Learned a level 3 spell: Inner Flame
  3594 | D:3      | Reached XP level 5. HP: 37/37 MP: 6/9
  4042 | D:3      | Identified the +3 leather armour of Cocytus {rElec Str-3
                  | Int+2}
  4226 | D:4      | Reached skill level 1 in Hexes
  4318 | D:4      | Noticed Menkaure
  4321 | D:4      | Noticed a black bear
  4324 | D:4      | Killed Menkaure
  4325 | D:4      | Reached skill level 1 in Armour
  4325 | D:4      | Reached XP level 6. HP: 26/44 MP: 2/10
  4663 | D:4      | Found a hide-covered altar of Uskayaw.
  4672 | D:4      | Noticed a +0 short sword
  4702 | D:4      | Noticed a +0 short sword
  4703 | D:4      | Noticed a +0 dagger
  4703 | D:4      | Noticed a +0 falchion
  4705 | D:4      | Noticed a +0 spear
  4706 | D:4      | Noticed a +0 spear
  4706 | D:4      | Noticed a +0 dagger
  4706 | D:4      | Noticed a +0 falchion
  4938 | D:4      | Gained mutation: You have an unusually large brain. (Int
                  | +2) [demonic ancestry]
  4938 | D:4      | Reached XP level 7. HP: 39/51 MP: 0/11
  5668 | D:4      | Noticed Eustachio
  5677 | D:4      | Killed Eustachio
  5883 | D:5      | Entered Level 5 of the Dungeon
  5902 | D:5      | Found a staircase to the Ecumenical Temple.
  5928 | Temple   | Entered the Ecumenical Temple
  5954 | Temple   | Became a worshipper of Hepliaklqana the Forgotten
  6173 | D:5      | Reached skill level 1 in Invocations
  6315 | D:5      | Identified the +1 tower shield of Altruism {rC- rN+ Dex+6}
  6354 | D:5      | Reached XP level 8. HP: 58/58 MP: 3/13
  6448 | D:5      | Reached skill level 2 in Invocations
  7020 | D:5      | Reached * piety under Hepliaklqana
  7264 | D:6      | Found a sacrificial altar of Ru.
  7288 | D:6      | Reached skill level 3 in Invocations
  7303 | D:6      | Noticed Grinder
  7308 | D:6      | Killed Grinder
  7541 | D:6      | Reached skill level 4 in Invocations
  7784 | D:6      | Gained mutation: Your demonic aura sometimes causes spilled
                  | blood to erupt in flames. [demonic ancestry]
  7784 | D:6      | Reached XP level 9. HP: 56/58 MP: 13/15
  8155 | D:7      | Found a broken altar of Ashenzari.
  8280 | D:7      | Reached ** piety under Hepliaklqana
  8281 | D:7      | Remembered your ancestor Cihuaton as a battlemage
  8357 | D:7      | Reached skill level 5 in Invocations
  9230 | D:7      | Learned a level 4 spell: Iskenderun's Mystic Blast
  9575 | D:7      | Identified a scroll of acquirement
  9576 | D:7      | Acquired the +0 buckler of the Devouring Gods {Slay+2}
  9818 | D:8      | Noticed a komodo dragon
  9821 | D:8      | Found a staircase to the Lair.
  9845 | D:7      | Reached skill level 1 in Shields
  9845 | D:7      | Reached skill level 1 in Translocations
 10311 | D:8      | Reached skill level 6 in Invocations
 10318 | D:8      | Reached skill level 5 in Fire Magic
 10351 | D:8      | Reached skill level 5 in Stealth
 10442 | D:8      | Killed a komodo dragon
 10443 | D:8      | Reached XP level 10. HP: 65/65 MP: 10/17
 10600 | D:8      | Found an iron altar of Okawaru.
 10801 | D:8      | Reached *** piety under Hepliaklqana
 10942 | D:8      | Found a runed translucent gate.
 10943 | D:8      | Found a runed translucent gate.
 10944 | D:8      | Found a runed translucent gate.
 10945 | D:8      | Noticed croobank's ghost (novice DsFE)
 11453 | D:9      | Noticed a two-headed ogre
 11456 | D:9      | Killed a two-headed ogre
 11457 | D:9      | Reached skill level 5 in Spellcasting
 11580 | D:9      | Found a stormy altar of Qazlal.
 11639 | D:9      | Reached skill level 7 in Invocations
 11644 | D:9      | Reached skill level 5 in Conjurations
 12082 | D:9      | Found an opulent altar of Gozag.
 12257 | D:9      | Reached skill level 5 in Dodging
 12689 | D:9      | Noticed a two-headed ogre
 12696 | D:9      | Killed a two-headed ogre
 12697 | D:9      | Reached skill level 5 in Fighting
 12869 | D:9      | Reached XP level 11. HP: 71/71 MP: 14/19
 12988 | D:10     | Entered Level 10 of the Dungeon
 12988 | D:10     | Found a flagged portal.
 13026 | Bailey   | Entered a bailey
 13246 | Bailey   | Learned a level 4 spell: Flame Wave
 13251 | Bailey   | Learned a level 4 spell: Fulminant Prism
 13289 | Bailey   | Reached skill level 8 in Invocations
 13486 | Bailey   | Noticed an orc high priest
 13490 | Bailey   | Killed an orc high priest
 13578 | Bailey   | Found an iron altar of Okawaru.
 13578 | Bailey   | Noticed an orc sorcerer
 13584 | Bailey   | Killed an orc sorcerer
 13668 | Bailey   | Identified the +14 pearl dragon scales of Zoitoed {rC++ rN+
                  | Will+ Dex-3 SInv}
 13834 | Bailey   | Acquired the +9 hand crossbow of Gehenna {elec, rElec
                  | Stlth+}
 14160 | D:10     | Reached skill level 5 in Hexes
 14226 | D:10     | Noticed a catoblepas
 14230 | D:10     | Killed a catoblepas
 14675 | D:10     | Found a radiant altar of Vehumet.
 14697 | D:10     | Reached **** piety under Hepliaklqana
 15143 | D:11     | Found a staircase to the Orcish Mines.
 15364 | D:11     | Noticed a boulder beetle
 15375 | D:11     | Killed a boulder beetle
 15679 | D:11     | Reached ***** piety under Hepliaklqana
 16018 | D:11     | Reached skill level 9 in Invocations
 16405 | D:12     | Reached skill level 5 in Shields
 16414 | D:12     | Noticed Josephine
 16417 | D:12     | Killed Josephine
 16539 | D:12     | Reached skill level 5 in Armour
 16539 | D:12     | Reached skill level 5 in Translocations
 16539 | D:12     | Reached XP level 12. HP: 78/78 MP: 18/20
 16552 | D:12     | Noticed a boulder beetle
 16565 | D:12     | Noticed Nergalle
 16683 | D:12     | Noticed a boulder beetle
 16696 | D:12     | Killed a boulder beetle
 17596 | D:12     | Reached skill level 10 in Invocations
 17633 | D:12     | Killed a boulder beetle
 17643 | D:12     | Killed Nergalle
 17850 | D:12     | Noticed a two-headed ogre
 17855 | D:12     | Killed a two-headed ogre
 17866 | D:12     | Noticed a boulder beetle
 17886 | D:12     | Killed a boulder beetle
 17888 | D:12     | Noticed a boulder beetle
 17907 | D:12     | Noticed a boulder beetle
 17914 | D:12     | Killed a boulder beetle
 17919 | D:12     | Mangled by a boulder beetle

Illustrated notes

Levels and vault maps discovered:
D:1:      dpeg_arrival_radiant, layout_basic
D:2:      layout_basic
D:3:      layout_loops_corners
D:4:      minmay_octagon_keep, layout_rooms, nicolae_uskayaw_en_pointe,
          nicolae_overflow_hidden_temple, uniq_menkaure, uniq_eustachio,
          uniq_crazy_yiuf_cottage
D:5:      layout_cave_pools, temple_pool_b, minivault_26
D:6:      layout_basic, mainiacjoe_overflow_cross_hatched, uniq_grinder
D:7:      layout_gridville, mainiacjoe_overflow_concentric_impassable
D:8:      layout_basic, okawaru_gym_becter, due_lair_maze_entry_diamond,
          biasface_ghost_orc_armoury
D:9:      layout_loops_ring, general_overflow_altar, grunt_qazlal_clouds
D:10:     nzn_motion_control, layout_basic, kennysheep_little_box,
          enter_bailey_2
D:11:     layout_basic, orc_0_dummy
D:12:     minmay_the_grid_octo_tiled_octocenter_mashed
          [minmay_the_grid_octo_fat_diamond, minmay_the_grid_octo_toaster,
          minmay_the_grid_octo_horde, minmay_the_grid_octo_tetromino_candy,
          minmay_the_grid_octo_prize_big_c,
          minmay_the_grid_square_5x5_eight_small,
          minmay_the_grid_square_5x5_tie, minmay_the_grid_square_5x5_empty,
          minmay_the_grid_square_5x5_percent], layout_gridville, uniq_josephine,
          uniq_nergalle
Temple:   compressed_dpeg_triangle_lava_temple

Skill      XL: |  1  2  3  4  5  6  7  8  9 10 11 12 |
---------------+-------------------------------------+-----
Dodging        | 2 3 4 5 6 |  6.3
Stealth        | 2 3 4 5 6 |  6.9
Fire Magic     | 3 4 5 6 |  6.7
Fighting       | 1 2 3 4 5 6 |  6.5
Conjurations   | 2 3 4 5 6 |  6.7
Hexes          | 1 2 3 4 5 |  5.0
Armour         | 1 2 3 4 5 |  5.0
Spellcasting   | 3 4 5 6 |  6.5
Invocations    | 1 4 6 7 9 10 | 10.8
Shields        | 1 3 5 |  5.0
Translocations | 1 3 5 6 |  6.3

Action                   |  1- 3 |  4- 6 |  7- 9 | 10-12 || total
-------------------------+-------+-------+-------+-------++-------
Melee: Whip              |    12 |    14 |       |       ||    26
       Touch             |     3 |     5 |     8 |       ||    16
       Falchion          |       |    13 |       |       ||    13
       Staff             |       |    10 |    45 |     9 ||    64
       Hand crossbow     |       |       |       |     1 ||     1
 Fire: Hand crossbow     |       |       |       |   125 ||   125
 Cast: Foxfire           |    31 |    46 |   164 |    92 ||   333
       Scorch            |     8 |    37 |    65 |   185 ||   295
       Fulminant Prism   |       |       |       |     1 ||     1
       Iskenderun's Myst |       |       |       |    13 ||    13
       Inner Flame       |       |       |       |     1 ||     1
Invok: Ancestor Life: Ba |       |       |     1 |       ||     1
Evoke: Wand              |       |       |       |     2 ||     2
  Use: Scroll            |     3 |     3 |     9 |    10 ||    25
       Potion            |       |       |     1 |     7 ||     8
 Stab: Sleeping          |       |     1 |       |       ||     1
Armor: Robe              |     4 |     1 |       |       ||     5
       Leather armour    |       |    10 |    47 |    36 ||    93
       Skin              |       |       |       |    10 ||    10
Dodge: Dodged            |    10 |    34 |    54 |    49 ||   147
Block: Buckler           |       |       |     2 |    31 ||    33
